 Dungeon Crawl Stone Soup version 0.23-a0-808-gd21de94 (webtiles) character file.

86 Lanoc the Shield-Bearer (level 4, 0/41 HPs)
             Began as a Gnoll Fighter on Jan 20, 2019.
             Slain by an orc
             ... wielding a +0 club
              (1 damage)
             ... on level 2 of the Dungeon.
             The game lasted 00:01:37 (1582 turns).

Lanoc the Shield-Bearer (Gnoll Fighter)             Turns: 1582, Time: 00:01:38

Health: 0/41       AC:  7    Str: 20    XL:     4   Next: 49%
Magic:  5/5        EV: 10    Int: 10    God:
Gold:   128        SH:  0    Dex: 14    Spells: 5/5 levels left

rFire    . . .     SeeInvis .   r - +3 quarterstaff (chaos)
rCold    . . .     Gourm    .   (shield currently unavailable)
rNeg     . . .     Faith    .   b - +0 scale mail
rPois    .         Spirit   .   (no helmet)
rElec    .         Reflect  .   (no cloak)
rCorr    .         Harm     .   (no gloves)
MR       .....                  (no boots)
Stlth    ..........             (no amulet)
HPRegen  0.13/turn              (no ring)
MPRegen  0.09/turn              (no ring)

@: no status effects
A: distributed training, fangs 1, strong nose
a: no special abilities


You were on level 2 of the Dungeon.
You were near starving.

You visited 1 branch of the dungeon, and saw 3 of its levels.

You collected 128 gold pieces.

Inventory:

Hand Weapons
 a - a +0 long sword
 r - a +3 quarterstaff of chaos (weapon)
Armour
 b - a +0 scale mail (worn)
 c - a +0 shield
Wands
 d - a wand of random effects (22)
 n - a wand of flame (22)
Scrolls
 e - 2 scrolls of magic mapping {unknown}
 g - a scroll of remove curse {unknown}
 i - a scroll of blinking {unknown}
 j - 2 scrolls of enchant weapon {unknown}
 k - 2 scrolls of teleportation {unknown}
 o - a scroll of identify {unknown}
 p - a scroll of fog {unknown}
Potions
 h - 3 potions of curing {unknown}
 l - 2 potions of flight {unknown}
 m - a potion of heal wounds {unknown}
 q - a potion of resistance {unknown}
Comestibles
 f - 3 rations


   Skills:
 + Level 6.6 Fighting
 + Level 1.1 Short Blades
 + Level 4.6 Long Blades
 + Level 1.1 Axes
 + Level 1.1 Maces & Flails
 + Level 1.1 Polearms
 + Level 1.1 Staves
 + Level 1.1 Slings
 + Level 1.1 Bows
 + Level 1.1 Crossbows
 + Level 1.1 Throwing
 + Level 6.6 Armour
 + Level 1.1 Dodging
 + Level 1.1 Stealth
 + Level 6.6 Shields
 + Level 1.1 Unarmed Combat
 + Level 1.1 Spellcasting
 + Level 0.9 Conjurations
 + Level 0.9 Hexes
 + Level 0.9 Charms
 + Level 0.9 Summonings
 + Level 0.9 Necromancy
 + Level 0.9 Translocations
 + Level 0.9 Transmutations
 + Level 0.9 Fire Magic
 + Level 0.9 Ice Magic
 + Level 0.9 Air Magic
 + Level 0.9 Earth Magic
 + Level 0.9 Poison Magic
 + Level 1.2 Invocations
 + Level 1.1 Evocations


You had 5 spell levels left.
You didn't know any spells.
Your spell library was empty.

Dungeon Overview and Level Annotations

Branches:
Dungeon (3/15)

Altars:
Wu Jian


Innate Abilities, Weirdness & Mutations

Your experience applies equally to all skills.
You have very sharp teeth.
Your uncanny sense of smell can sniff out nearby items.


Message History

The goblin closely misses you.
You climb upwards.
You feel sick.
There is a stone staircase leading down here.
You hit the goblin.
The goblin is heavily wounded.
The goblin hits you with a +0 dagger.
* * * LOW HITPOINT WARNING * * *
The orc hits you but does no damage. The goblin hits you but does no damage.
You closely miss the goblin. You bite the goblin.
You kill the goblin!
The orc closely misses you.
You completely miss the orc.
You feel sick.
You are no longer poisoned.
The orc hits you with a +0 club.
* * * LOW HITPOINT WARNING * * *
You hit the orc but do no damage. The orc hits you with a +0 club.
* * * LOW HITPOINT WARNING * * *
The orc barely misses you.
You closely miss the orc. The orc hits you with a +0 club.
You die...

# ##.## #######.# #.........
####.####.......# #.###.##.#
..........####### #.# ####.#
####.###### #.######.. #.#
#......... #.# #.####.###
#.###### #.##.....# #......#
######## #.#.......
#..###.####.)@...# #.#.......
##...........o..#.# ##....._...
###....##.####....#.###..#....)..
.......##.##.........##[.#.......
##.....##<##...).........##.....#
##...###.##.........###.####.###
##..###.####....#.## #.........
#......# #....#.# ##...###..
#.###### #......## #.#.# ##.


You could see an orc.

Vanquished Creatures
  Crazy Yiuf (D:2)
  3 adders
  An ooze (D:2)
  A dart slug (D:1)
  An orc (D:3)
  A ball python (D:3)
  4 bats
  3 goblins
  4 hobgoblins
  2 kobolds (D:2)
  2 rats (D:1)
23 creatures vanquished.

Notes
Turn   | Place    | Note
-------+----------+-------------------------------------------
     0 | D:1      | Lanoc the Gnoll Fighter began the quest for the Orb.
     0 | D:1      | Reached XP level 1. HP: 23/23 MP: 1/1
   108 | D:1      | Reached XP level 2. HP: 29/29 MP: 2/2
   736 | D:2      | Reached XP level 3. HP: 35/35 MP: 3/3
   916 | D:2      | Found an ornate altar of the Wu Jian Council.
   920 | D:2      | Reached skill level 1 in Invocations
  1236 | D:2      | Found a runed door.
  1240 | D:2      | Noticed Crazy Yiuf
  1249 | D:2      | Killed Crazy Yiuf
  1249 | D:2      | Reached skill level 1 in Short Blades
  1249 | D:2      | Reached skill level 1 in Axes
  1249 | D:2      | Reached skill level 1 in Maces & Flails
  1249 | D:2      | Reached skill level 1 in Polearms
  1249 | D:2      | Reached skill level 1 in Staves
  1249 | D:2      | Reached skill level 1 in Slings
  1249 | D:2      | Reached skill level 1 in Bows
  1249 | D:2      | Reached skill level 1 in Crossbows
  1249 | D:2      | Reached skill level 1 in Throwing
  1249 | D:2      | Reached skill level 1 in Dodging
  1249 | D:2      | Reached skill level 1 in Stealth
  1249 | D:2      | Reached skill level 1 in Unarmed Combat
  1249 | D:2      | Reached skill level 1 in Spellcasting
  1249 | D:2      | Reached skill level 1 in Evocations
  1249 | D:2      | Reached XP level 4. HP: 6/41 MP: 5/5
  1580 | D:2      | HP: 2/41 [orc/+0 club (4)]
  1582 | D:2      | Slain by an orc

Vault maps used:
D:1:      evilmike_arrival_plus
D:2:      old_standard_altar, uniq_crazy_yiuf_cottage
D:3:      first_ration, uniq_terence, uniq_grinder

Skill      XL: |  1  2  3 |
---------------+----------+-----
Invocations    | 1 |  1.2
Short Blades   | 1 |  1.1
Axes           | 1 |  1.1
Maces & Flails | 1 |  1.1
Polearms       | 1 |  1.1
Staves         | 1 |  1.1
Slings         | 1 |  1.1
Bows           | 1 |  1.1
Crossbows      | 1 |  1.1
Throwing       | 1 |  1.1
Dodging        | 1 |  1.1
Stealth        | 1 |  1.1
Unarmed Combat | 1 |  1.1
Spellcasting   | 1 |  1.1
Evocations     | 1 |  1.1
Fighting       | |  6.6
Long Blades    | |  4.6
Armour         | |  6.6
Shields        | |  6.6
Conjurations   | |  0.9
Hexes          | |  0.9
Charms         | |  0.9
Summonings     | |  0.9
Necromancy     | |  0.9
Translocations | |  0.9
Transmutations | |  0.9
Fire Magic     | |  0.9
Ice Magic      | |  0.9
Air Magic      | |  0.9
Earth Magic    | |  0.9
Poison Magic   | |  0.9

Action                   |  1- 3 |  4- 6 || total
-------------------------+-------+-------++-------
Melee: Long sword        |    40 |       ||    40
       Bite              |     4 |     1 ||     5
       Quarterstaff      |       |    16 ||    16
  Use: Potion            |     1 |       ||     1
Armor: Scale mail        |    11 |     7 ||    18
Dodge: Dodged            |     9 |    12 ||    21
Block: Shield            |    15 |       ||    15
       Rpst.: Long sword |     3 |       ||     3

Table legend:
 A = Non-vault XP
 B = Vault XP
 C = Vault XP percentage of total XP
 D = Non-vault monster count
 E = Vault monster count
 F = Vault count percentage of total count
                 A         B        C        D         E       F
            +---------+---------+-------+---------+---------+-------
      Total |      82 |      41 |  33.3 |      22 |       1 |   4.3
            +---------+---------+-------+---------+---------+-------
        D:1 |      22 |       0 |   0.0 |      11 |       0 |   0.0
        D:2 |      40 |      41 |  50.6 |       7 |       1 |  12.5
        D:3 |      20 |       0 |   0.0 |       4 |       0 |   0.0
            +---------+---------+-------+---------+---------+-------
